 Dungeon Crawl Stone Soup version 0.16.1-17-g773cdaf (webtiles) character file.

593 jacksonaction the Transmogrifier (level 7, -2/43 HPs)
             Began as an Octopode Transmuter on Apr 22, 2015.
             Splashed by a jelly's acid (15 damage)
             ... on level 5 of the Dungeon.
             The game lasted 00:31:23 (5423 turns).

jacksonaction the Transmogrifier (OpTm)             Turns: 5423, Time: 00:31:23

Health: -2/43      AC:  2    Str:  9    XL:     7   Next: 39%
Magic:  9/12       EV: 20    Int: 16    God:
Gold:   165        SH:  0    Dex: 19    Spells: 3 memorised, 1 level left

rFire  . . .     SeeInvis .     a - melded +1 flail (protect)
rCold  . . .     Clarity  .     (shield currently unavailable)
rNeg   . . .     SustAb   .     (helmet currently unavailable)
rPois  .         Gourm    .     (no amulet)
rElec  .         Spirit   .     c - ring of stealth
rCorr  .         Warding  .     r - ring of poison resistance
rMut   .         Stasis   .     (no ring)
MR     .....                    (no ring)
Stlth  +++.......               (no ring)
                                (no ring)
                                (no ring)
                                (no ring)

@: spider-form, not resistant to hostile enchantments, fairly stealthy
A: almost no armour, amphibious, 8 rings, (constrict 8), (camouflage 0),
(gelatinous body 0)
a: End Transformation


You were on level 5 of the Dungeon.
You were not hungry.
You were a venomous arachnid creature.
You visited 1 branch of the dungeon, and saw 5 of its levels.

You collected 165 gold pieces.

Inventory:

Hand weapons
 a - a +1 flail of protection (melded)
 b - a +0 blowgun
Missiles
 f - 6 curare-tipped needles
 m - 72 stones (quivered)
 n - 16 poisoned needles
Jewellery
 c - a ring of stealth (left front leg)
 r - a ring of poison resistance (right front leg)
Scrolls
 e - 3 scrolls of immolation {unknown}
 i - 3 scrolls of remove curse
 k - 2 scrolls of fear {unknown}
 t - 6 scrolls of identify {unknown}
 v - 2 scrolls of enchant armour {unknown}
 w - 4 scrolls of teleportation {unknown}
 D - a scroll of magic mapping {unknown}
Potions
 g - a potion of magic {unknown}
 h - a potion of lignification {unknown}
 j - 2 potions of brilliance {unknown}
 l - a potion of cancellation {unknown}
 o - 3 potions of curing {unknown}
 s - 3 potions of poison {unknown}
 x - a potion of mutation {unknown}
 z - 2 potions of invisibility {unknown}
 A - a potion of resistance {unknown}
 C - a potion of agility
Books
 d - a book of Changes

   Spells                             Type                      Level
   a - Beastly Appendage              Transmutation                1
   b - Sticks to Snakes               Transmutation                2
   c - Spider Form                    Transmutation/Poison         3
   d - Ice Form                       Ice/Transmutation            4
   e - Blade Hands                    Transmutation                5
 y - a book of Party Tricks

   Spells                             Type                      Level
   a - Summon Butterflies             Summoning                    1
   b - Apportation                    Translocation                1
   c - Tukima's Dance                 Hexes                        3
   d - Alistair's Intoxication        Transmutation/Poison         4
   e - Invisibility                   Hexes                        6
Comestibles
 p - 2 slices of pizza
 q - 3 meat rations
 u - 5 bread rations
 B - a royal jelly


   Skills:
 - Level 1.0 Fighting
 - Level 2.0 Dodging
 - Level 3.0 Unarmed Combat
 - Level 2.0 Spellcasting
 + Level 8.0 Transmutations


You had one spell level left.
You knew the following spells:

 Your Spells              Type           Power        Failure   Level  Hunger
a - Beastly Appendage     Trmt           ####..       4%          1    #......
b - Spider Form           Trmt/Pois      ##........   28%         3    ###....
c - Blade Hands           Trmt           ####......   41%         5    ######.


Dungeon Overview and Level Annotations

Branches:
Dungeon (5/15)
 Temple: D:4-7

Altars:
Dithmenos

Annotations:
D:5 thelaststarmaker's ghost, experienced VSAs


Innate Abilities, Weirdness & Mutations

You cannot wear most types of armour.
You are amphibious.
You can wear up to eight rings at the same time.
((You can use your tentacles to constrict many enemies at once.))
((Your skin changes colour to match your surroundings (Stealth).))
((Your rubbery body absorbs attacks (AC +1).))


Message History

Casting: Beastly Appendage
Confirm with . or Enter, or press ? or * to list all spells.
You turn into a venomous arachnid creature.
Your +1 flail of protection melds into your body.
You feel less protected.
The jelly quivers.
The jelly jiggles.
The jelly hits you.
You are splashed with acid!
The acid burns!
You hit the jelly.
Your front legs burn!
The jelly is lightly wounded.
The jelly misses you.
You hit the jelly.
Your front legs burn!
The jelly is moderately wounded.
The jelly hits you but does no damage.
You hit the jelly but do no damage.
Your front legs burn!
The jelly is moderately wounded.
The jelly misses you.
You hit the jelly.
Your front legs burn!
The jelly is heavily wounded.
The jelly hits you.
You are splashed with acid!
The acid burns!
You die...

#.....# #..##.......
#......###..###...#..
#.).....##..## #..####
#...........# ##.## #
#.........## #..##
#.).......# ##...####
####.........# #........
#............###........
##..s....##......####
#.....J##........####
##....# ###.....## ##.##
##...## # # ##.## ##
#..# ###. ##.## ###...
#..###..... #..#.......


You could see a jelly.

Vanquished Creatures
  An ogre (D:4)
  Sigmund (D:2)
  A scorpion (D:4)
  Crazy Yiuf (D:4)
  A crimson imp (D:5)
  A giant frog skeleton (D:5)
  A hound (D:4)
  An orc wizard (D:3)
  A worker ant (D:4)
  6 adders
  2 giant mites
  A shadow imp (D:5)
  2 worms (D:3)
  A giant gecko (D:4)
  An ooze (D:1)
  13 orcs
  4 giant cockroaches
  6 hobgoblins
  2 jackals (D:5)
  12 kobolds
  4 quokkas
  2 ball pythons
  22 bats
  6 giant newts
  10 goblins
  A jackal skeleton (D:4)
  A quokka skeleton (D:5)
  14 rats
119 creatures vanquished.

Notes
Turn   | Place    | Note
--------------------------------------------------------------
     0 | D:1      | jacksonaction, the Octopode Transmuter, began the quest for the Orb.
     0 | D:1      | Reached XP level 1. HP: 13/13 MP: 3/3
   468 | D:1      | Reached XP level 2. HP: 6/18 MP: 4/4
  1382 | D:1      | Reached XP level 3. HP: 17/23 MP: 6/6
  1502 | D:2      | Noticed Sigmund
  1801 | D:2      | Learned a level 3 spell: Spider Form
  1953 | D:2      | Reached skill level 4 in Transmutations
  1964 | D:2      | Found a shadowy altar of Dithmenos.
  2130 | D:2      | Reached XP level 4. HP: 25/28 MP: 3/7
  2671 | D:3      | Reached skill level 5 in Transmutations
  2762 | D:3      | Reached XP level 5. HP: 24/33 MP: 5/9
  3579 | D:4      | Noticed an ogre
  3605 | D:4      | Killed an ogre
  3605 | D:4      | Reached skill level 6 in Transmutations
  3605 | D:4      | Reached XP level 6. HP: 33/38 MP: 8/10
  3612 | D:4      | Learned a level 5 spell: Blade Hands
  4196 | D:4      | Reached skill level 7 in Transmutations
  4416 | D:4      | Noticed Crazy Yiuf
  4424 | D:4      | Killed Crazy Yiuf
  4424 | D:4      | Reached XP level 7. HP: 43/43 MP: 12/12
  4699 | D:2      | Killed Sigmund
  4921 | D:5      | Entered Level 5 of the Dungeon
  5212 | D:5      | Noticed thelaststarmaker's ghost (experienced VSAs)
  5354 | D:5      | Reached skill level 8 in Transmutations
  5423 | D:5      | Splashed by a jelly's acid

Action                   |  1- 3 |  4- 6 |  7- 9 || total
-------------------------+-------+-------+-------++-------
Melee: Unarmed           |    57 |    61 |     4 ||   122
       Short sword       |    34 |    27 |       ||    61
       Flail             |       |    65 |    30 ||    95
 Fire: Blowgun           |       |    18 |     4 ||    22
Throw: Stone             |     3 |    23 |    18 ||    44
 Cast: Beastly Appendage |     2 |     1 |     1 ||     4
       Spider Form       |     1 |    16 |     1 ||    18
  Use: Scroll            |       |     1 |       ||     1
 Stab: Sleeping          |     2 |    10 |     2 ||    14
  Eat: Chunk             |     3 |    10 |     3 ||    16
       Meat ration       |     1 |       |       ||     1
